 Seeded DCSS version 0.29.1-12-g30fa7ad0bf (webtiles) character file.

Game seed: 18334199546629406935 (custom seed)

182 Gelion the Conjurer (level 5, 0/39 HPs)
             Began as a Demonspawn Conjurer on Dec 12, 2022.
             Slain by an adder (3 damage)
             ... in a sewer.
             The game lasted 00:06:26 (2803 turns).

Gelion the Conjurer (Demonspawn Conjurer)           Turns: 2803, Time: 00:06:26

Health: 0/39       AC:  4    Str: 14    XL:     5   Next: 35%
Magic:  1/9        EV:  9    Int: 21    God:
Gold:   87         SH:  0    Dex: 11    Spells: 3/9 levels left

rFire   . . .      SeeInvis .   i - +4 whip
rCold   . . .      Faith    .   (no shield)
rNeg    . . .      Spirit   .   a - +0 robe
rPois   .          Reflect  .   (helmet restricted)
rElec   .          Harm     .   (no cloak)
rCorr   .          Rampage  .   h - +0 pair of gloves
Will    .....      Rage     3%  (no boots)
Stlth   +.........              (no amulet)
HPRegen 0.13/turn               f - +6 ring of strength
MPRegen 0.11/turn               (no ring)

@: constricted, invisible, very slow
A: antennae 1, rugged brown scales 1, berserk 1
a: no special abilities


You were in a sewer.
You visited 1 branch of the dungeon, and saw 3 of its levels.
You also visited: Sewer.

You collected 87 gold pieces.

Inventory:

Hand Weapons
 i - a +4 whip (weapon)
 n - a +4 flail of protection
Armour
 a - a +0 robe (worn)
 h - a +0 pair of gloves (worn)
Jewellery
 f - a +6 ring of strength (left hand)
Scrolls
 d - 2 scrolls of identify
 e - a scroll of immolation {unknown}
 k - 3 scrolls of teleportation {unknown}
 m - a scroll of magic mapping {unknown}
 o - a scroll of poison {unknown}
 q - a scroll of blinking {unknown}
 r - a scroll of fog {unknown}
 v - a scroll of amnesia {unknown}
Potions
 b - a potion of magic
 c - 2 potions of curing {unknown}
 g - a potion of haste
 j - 2 potions of attraction {unknown}
 l - 2 potions of might {unknown}
 p - a potion of flight {unknown}
 s - a potion of heal wounds {unknown}
 t - a potion of cancellation


   Skills:
 + Level 2.1 Fighting
 - Level 1.7 Dodging
 - Level 1.7 Stealth
 + Level 2.9 Spellcasting
 + Level 5.2 Conjurations
 * Level 2.2 Necromancy


You had 3 spell levels left.
You knew the following spells:

 Your Spells              Type           Power      Damage    Failure   Level
a - Magic Dart            Conj           96%        1d7       1%          1
b - Searing Ray           Conj           48%        2d6       2%          2
c - Vampiric Draining     Necr           12%        2d6       16%         3

Your spell library contained the following spells:

 Spells                   Type           Power      Damage    Failure   Level
 Slow                     Hex            12%        N/A       14%         1
 Dazzling Flash           Conj/Hex       28%        N/A       14%         3
 Confusing Touch          Hex            3%         N/A       38%         3
 Fulminant Prism          Conj/Hex       7%         3d7       41%         4
 Iskenderun's Mystic Bla  Conj/Tloc      14%        2d5       41%         4


Dungeon Overview and Level Annotations

Branches:
Dungeon (3/15)              Sewer (1/1)

Altars:


Innate Abilities, Weirdness & Mutations

You have a pair of small antennae on your head.
You are partially covered in rugged brown scales. (AC +1, +3% HP)
You sometimes lose your temper in combat.


Message History

The ball python bites you but does no damage. x2
The ball python constricts you.
The searing ray misses the bullfrog.
You feel sick. The bullfrog hits you. The adder closely misses you.
The ball python bites you.
The ball python bites you but does no damage.
The ball python constricts you.
Unknown command.
As you read the scroll labelled EDDERIEZ DUOLO, it crumbles to dust.
It is a scroll of identify.
t - a potion of cancellation You feel sick.
The bullfrog barely misses you. The adder barely misses you.
The ball python closely misses you. x2; The ball python constricts you.
The bullfrog hits you. The adder bites you but does no damage.
It was a potion of mutation.
You feel extremely strange.
You feel a little pissed off.
You feel sick. The ball python bites you.
* * * LOW HITPOINT WARNING * * *
The bullfrog hits you but does no damage.
The ball python bites you but does no damage.
The ball python constricts you. The adder bites you but does no damage.
The ball python bites you but does no damage.
It was a potion of invisibility.
You fade into invisibility!
You feel sick.
You are no longer poisoned.
The bullfrog barely misses you. The ball python misses you.
The ball python constricts you. The adder bites you.
* * * LOW HITPOINT WARNING * * *
The bullfrog hits you.
* * * LOW HITPOINT WARNING * * *
The ball python bites you but does no damage.
You escape the ball python's grasp.
You enter the shallow water.
Moving in this stuff is going to be slow. ...and don't expect to remain undetected.
The adder barely misses you. The adder bites you but does no damage.
The bullfrog barely misses you. The bullfrog hits you.
* * * LOW HITPOINT WARNING * * *
The ball python bites you but does no damage.
The ball python grabs you. The ball python constricts you. The adder bites you.
You die...

## ###################
...#~≈≈≈≈~~≈≈≈≈≈≈≈≈..###
....~≈≈~#~..S≈~≈~≈~~...##
...†~~≈~~≈~≈F@~~~~~~....#
...#~~~~~≈≈SS~~~~~~....#
.S..~≈≈~~≈≈≈≈≈~≈≈~≈.....##
....~≈≈≈≈≈≈≈≈≈≈≈≈≈~......#
+####################....#
####...## #..#....#
#..'..÷.# #####÷..#


You could see a bullfrog, an adder and 2 ball pythons.

Vanquished Creatures
  A bullfrog (Sewer)
  2 gnolls (D:2)
  A river rat (Sewer)
  3 adders (Sewer)
  A worm (D:3)
  4 endoplasms
  A giant cockroach (D:1)
  3 hobgoblins
  2 quokkas
  17 ball pythons
  4 bats
  2 frilled lizards (Sewer)
  4 kobolds
  27 rats
72 creatures vanquished.

Notes
Turn   | Place    | Note
-------+----------+-------------------------------------------
     0 | D:1      | Gelion the Demonspawn Conjurer began the quest for the Orb.
     0 | D:1      | Reached XP level 1. HP: 13/13 MP: 3/3
   521 | D:1      | Gained mutation: You are partially covered in rugged brown
                  | scales. (AC +1, +3% HP) [demonic ancestry]
   521 | D:1      | Reached XP level 2. HP: 14/20 MP: 0/5
   682 | D:1      | Learned a level 2 spell: Searing Ray
  1089 | D:2      | Reached skill level 1 in Fighting
  1244 | D:2      | Reached XP level 3. HP: 9/26 MP: 2/6
  2003 | D:3      | Found a glowing drain.
  2030 | Sewer    | Entered a sewer
  2151 | Sewer    | Gained mutation: You have a pair of small antennae on your
                  | head. [demonic ancestry]
  2151 | Sewer    | Reached XP level 4. HP: 32/32 MP: 5/7
  2155 | Sewer    | Learned a level 3 spell: Vampiric Draining
  2416 | Sewer    | Reached skill level 5 in Conjurations
  2425 | Sewer    | Reached skill level 1 in Necromancy
  2788 | Sewer    | Noticed a bullfrog
  2788 | Sewer    | Noticed a bullfrog
  2794 | Sewer    | Killed a bullfrog
  2795 | Sewer    | Reached XP level 5. HP: 34/39 MP: 4/9
  2800 | Sewer    | Gained mutation: You sometimes lose your temper in combat.
                  | [potion of mutation]
  2803 | Sewer    | Slain by an adder

Illustrated notes

Levels and vault maps discovered:
D:1:      shiori_shiawase, layout_loops_ring, st_stairs_7
D:2:      layout_basic, minmay_large_rounded_square
D:3:      layout_basic, portal_sewer_entry_a, hellmonk_ecumenical_altar_blasted
Sewer:    sewer_minmay_w

Skill      XL: |  1  2  3  4 |
---------------+-------------+-----
Fighting       | 1 2 |  2.1
Conjurations   | 5 |  5.2
Necromancy     | 2 |  2.2
Dodging        | |  1.7
Stealth        | |  1.7
Spellcasting   | |  2.9

Action                   |  1- 3 |  4- 6 || total
-------------------------+-------+-------++-------
Melee: Unarmed           |    10 |       ||    10
       Whip              |    19 |    20 ||    39
       Punch             |       |     1 ||     1
 Cast: Magic Dart        |    61 |    31 ||    92
       Searing Ray       |     2 |     3 ||     5
  Use: Potion            |       |     2 ||     2
       Scroll            |       |     1 ||     1
 Stab: Sleeping          |     1 |       ||     1
Armor: Robe              |     8 |    26 ||    34
Dodge: Dodged            |    26 |    57 ||    83
